 Dungeon Crawl Stone Soup version 0.30-a0-986-g7f2e898f52 (webtiles) character file.

Game seed: 7159220493466099477

2351 jimonade the Agnostic (level 9, -1/79 HPs)
             Began as a Hill Orc Monk on Apr 1, 2023.
             Slain by a fire crab (10 damage)
             ... on level 9 of the Dungeon.
             The game lasted 00:15:11 (6763 turns).

jimonade the Agnostic (Hill Orc Monk)               Turns: 6763, Time: 00:15:11

Health: -1/79      AC: 14    Str: 18    XL:     9   Next: 43%
Magic:  15/15      EV:  9    Int: 10    God:
Gold:   308        SH:  0    Dex: 19    Spells: 8/8 levels left

rFire   . . .      SeeInvis .    a - +0 whip (venom)
rCold   + . .      Faith    .    (no shield)
rNeg    . . .      Spirit   .    w - +0 chain mail
rPois   .          Reflect  .    v - +2 helmet
rElec   .          Rampage  .    d - +0 cloak
rCorr   .                        (no gloves)
Will    .....                    (no boots)
Stlth   x                          - amulet of regeneration
HPRegen 1.13/turn                k - +6 ring of dexterity
MPRegen 0.14/turn                u - ring of protection from cold

@: no status effects
A: no striking features
a: no special abilities


You were on level 9 of the Dungeon.
You visited 1 branch of the dungeon, and saw 8 of its levels.

You collected 308 gold pieces.

Inventory:

Hand Weapons
 a - a +0 whip of venom (weapon)
 b - a +0 short sword of electrocution
 e - a +0 spear
 l - a +0 dagger of draining
 r - a +0 mace
 A - a +0 halberd
 B - the +6 sling of Evil {speed, rF++ rC+}
   (You took it off an orc on level 4 of the Dungeon)

   rF:        It greatly protects you from fire.
   rC:        It protects you from cold.
 D - a +0 glaive
 E - a +0 whip of flaming
 G - a +0 spear
 I - a +4 dagger
Missiles
 i - 34 stones (quivered)
 y - 3 boomerangs
Armour
 d - a +0 cloak (worn)
 f - a +0 ring mail
 n - a +0 robe
 v - a +2 helmet (worn)
 w - a +0 chain mail (worn)
Jewellery
 k - a +6 ring of dexterity (left hand)
 p - a ring of fire
 u - a ring of protection from cold (right hand)
 x - an amulet of regeneration (around neck)
 z - a ring of ice
 H - a +4 ring of protection
Wands
 s - a wand of polymorph (2)
 F - a wand of acid (2)
Scrolls
 J - a scroll of magic mapping
Potions
 c - 2 potions of ambrosia
 g - 2 potions of mutation
 h - a potion of flight {unknown}
 j - 6 potions of curing
 m - 2 potions of heal wounds {unknown}
 o - 2 potions of attraction {unknown}
 q - 2 potions of invisibility {unknown}
 t - a potion of berserk rage {unknown}
 C - a potion of cancellation {unknown}


   Skills:
 + Level 7.0 Fighting
 - Level 4.2 Short Blades
 + Level 2.0 Maces & Flails
 + Level 3.4 Polearms
 - Level 3.7 Ranged Weapons
 + Level 6.2 Armour
 + Level 3.4 Dodging
 - Level 1.5 Stealth
 * Level 8.0 Invocations


You had 8 spell levels left.
You didn't know any spells.
Your spell library contained the following spells:

 Spells                   Type           Power      Damage    Failure   Level
 Blink                    Tloc           0%         N/A       99%         2
 Cigotuvi's Dreadful Rot  Necr/Pois/Air  0%         N/A       99%         2
 Ensorcelled Hibernation  Hex/Ice        0%         N/A       99%         2
 Poisonous Vapours        Pois/Air       0%         N/A       99%         2
 Gell's Gravitas          Tloc           0%         N/A       100%        3
 Mephitic Cloud           Conj/Pois/Air  0%         N/A       100%        3
 Spider Form              Tmut/Pois      0%         N/A       100%        3
 Teleport Other           Tloc           0%         N/A       100%        3
 Anguish                  Hex/Necr       0%         N/A       100%        4
 Manifold Assault         Tloc           0%         N/A       100%        4
 Petrify                  Tmut/Erth      0%         N/A       100%        4
 Metabolic Englaciation   Hex/Ice        0%         N/A       100%        5
 Dispersal                Tloc           0%         N/A       100%        6
 Statue Form              Tmut/Erth      0%         N/A       100%        6
 Storm Form               Tmut/Air       0%         N/A       100%        7


Dungeon Overview and Level Annotations

Branches:
Dungeon (7/15)             Temple (0/1) D:6

Altars:
Ashenzari
Cheibriados
Kikubaaqudgha
Okawaru
Ru
Trog
Yredelemnul


Message History

The arrow hits you!
You hear a howl!
Press: ? - help, v - describe, . - travel, g - get item
Here: a fire crab Item here: a +0 flail.
The floor, spattered with blood.
Okay, then.
Unknown command.
You hit the fire crab but do no damage.
The fire crab is poisoned.
You hear an angry buzzing noise.
You hear a shout!
The centaur shoots an arrow.
The arrow hits you. The fire crab bites you.
You are engulfed in flames!
The fire crab barely misses you.
You hear a shout!
You hit the fire crab but do no damage.
The fire crab looks as sick as possible!
The fire crab is lightly wounded.
You hear a shout!
The fire crab bites you but does no damage.
The fire crab closely misses you.
You hit the fire crab but do no damage.
The fire crab looks as sick as possible!
The fire crab is moderately wounded.
The centaur shoots an arrow.
The arrow hits you.
The fire crab bites you but does no damage.
The fire crab claws you.
You are engulfed in flames!
You barely miss the fire crab.
The fire crab is moderately wounded.
The fire crab bites you.
You are engulfed in flames!
* * * LOW HITPOINT WARNING * * *
The fire crab claws you.
* * * LOW HITPOINT WARNING * * *
You are engulfed in flames!
* * * LOW HITPOINT WARNING * * *
You barely miss the fire crab.
The fire crab is heavily wounded.
The centaur unwields a +0 shortbow.
The centaur barely misses you. The centaur closely misses you.
The fire crab bites you.
* * * LOW HITPOINT WARNING * * *
You are engulfed in flames!
You die...

.... ..#
..# ..#
#.# . #.#
.. #.#
... #c#
g.. #@# .
.g #t#
..>.#.#.#
........#
....#...#
#. ###.#
..# #.#
#.#


You could see a fire crab (extremely poisoned) and a centaur.

Vanquished Creatures
  Pikel (D:5)
  Grinder (D:3)
  An ice beast (D:6)
  4 ogres
  3 centaurs
  A lemure (D:5)
  2 phantoms
  Blork the orc (D:5)
  2 bullfrogs (D:6)
  A scorpion (D:6)
  A vampire bat (D:5)
  A howler monkey (D:4)
  3 hounds
  A gnoll bouda (D:9)
  3 iguanas
  4 orc wizards
  A sleepcap (D:4)
  7 adders
  7 gnolls
  2 white imps
  3 ufetubi
  3 worms
  5 dart slugs
  23 orcs
  5 ball pythons
  2 bats (D:1)
  4 bat zombies (D:5)
  9 endoplasms
  3 giant cockroaches
  7 goblins
  6 hobgoblins
  6 jackals
  5 quokkas
  3 frilled lizards
  3 kobolds
  2 rats (D:1)
136 creatures vanquished.

Notes
Turn   | Place    | Note
-------+----------+-------------------------------------------
     0 | D:1      | jimonade the Hill Orc Monk began the quest for the Orb.
     0 | D:1      | Reached XP level 1. HP: 19/19 MP: 1/1
   108 | D:1      | Reached XP level 2. HP: 24/27 MP: 2/2
   244 | D:1      | Reached XP level 3. HP: 34/34 MP: 3/3
   427 | D:1      | Reached skill level 1 in Short Blades
  1059 | D:2      | Reached skill level 1 in Invocations
  1178 | D:2      | Reached XP level 4. HP: 41/41 MP: 4/4
  1994 | D:3      | Reached skill level 1 in Armour
  2089 | D:3      | Noticed Grinder
  2101 | D:3      | Killed Grinder
  2102 | D:3      | Reached skill level 3 in Invocations
  2102 | D:3      | Reached XP level 5. HP: 35/47 MP: 3/7
  2102 | D:3      | Reached XP level 6. HP: 41/55 MP: 3/8
  2795 | D:4      | Reached skill level 5 in Fighting
  2941 | D:4      | Identified the +6 sling of Evil {speed, rF++ rC+}
  2961 | D:4      | Reached XP level 7. HP: 61/61 MP: 9/9
  3630 | D:4      | Reached skill level 4 in Invocations
  3795 | D:4      | Reached skill level 1 in Ranged Weapons
  4434 | D:5      | Entered Level 5 of the Dungeon
  4535 | D:5      | Found an iron altar of Okawaru.
  4535 | D:5      | Found a broken altar of Ashenzari.
  4536 | D:5      | Found a basalt altar of Yredelemnul.
  4678 | D:5      | Reached XP level 8. HP: 43/68 MP: 7/11
  4825 | D:5      | Found an ancient bone altar of Kikubaaqudgha.
  4863 | D:5      | Found a bloodstained altar of Trog.
  4864 | D:5      | Found a sacrificial altar of Ru.
  4865 | D:5      | Found a snail-covered altar of Cheibriados.
  4946 | D:5      | Reached skill level 5 in Invocations
  5171 | D:5      | Noticed Blork the orc
  5181 | D:5      | Killed Blork the orc
  5471 | D:6      | Noticed Pikel
  5516 | D:5      | Killed Pikel
  5517 | D:5      | Reached skill level 5 in Armour
  5517 | D:5      | Reached skill level 7 in Invocations
  5517 | D:5      | Reached XP level 9. HP: 75/77 MP: 12/14
  6090 | D:6      | Reached skill level 1 in Maces & Flails
  6116 | D:6      | Found a staircase to the Ecumenical Temple.
  6581 | D:7      | Reached skill level 8 in Invocations
  6723 | D:7      | You fall into a shaft and drop 2 floors!
  6755 | D:9      | Noticed a fire crab
  6763 | D:9      | Slain by a fire crab

Illustrated notes

Levels and vault maps discovered:
D:1:      dpeg_arrival_tiny_j, layout_rooms, skrybe_limestone_x, minivault_11
D:2:      layout_basic
D:3:      layout_loops_ring, uniq_grinder
D:4:      layout_layer_cave
D:5:      layout_basic, kennysheep_vampire_church,
          gammafunk_temple_overflow_claw, gammafunk_temple_overflow_forgotten,
          st_stairs_1, uniq_blork_the_orc
D:6:      layout_loops_corners, minmay_temple_entry_hall, nrook_mini_vaults,
          uniq_pikel
D:7:      layout_basic
D:9:      minmay_imperfect_grid, layout_rooms, minmay_lair_entry_lava,
          serial_shops, nicolae_take_the_stairs

Skill      XL: |  1  2  3  4  5  6  7  8  9 |
---------------+----------------------------+-----
Fighting       | 4 5 6 7 |  7.0
Short Blades   | 1 3 4 |  4.2
Invocations    | 1 3 4 7 8 |  8.0
Armour         | 2 3 4 5 6 |  6.2
Dodging        | 3 |  3.4
Ranged Weapons | 2 3 |  3.7
Maces & Flails | 2 |  2.0
Polearms       | |  3.4
Stealth        | |  1.5

Action                     |  1- 3 |  4- 6 |  7- 9 || total
---------------------------+-------+-------+-------++-------
  Melee: Spear             |    11 |       |       ||    11
         Short sword       |   115 |   148 |   109 ||   372
         Punch             |     2 |     1 |     2 ||     5
         Whip              |       |       |   101 ||   101
   Fire: Sling             |       |       |   109 ||   109
    Use: Scroll            |       |     6 |     4 ||    10
   Stab: Sleeping          |     2 |       |       ||     2
 Armour: Ring mail         |    43 |    12 |       ||    55
         Chain mail        |       |    53 |   192 ||   245
  Dodge: Dodged            |    71 |    40 |   108 ||   219

Table legend: (Time is in decaauts)
 A = Elapsed time spent in this place.
 B = Non-inter-level travel time spent in this place.
 C = Inter-level travel time spent in this place.
 D = Time resting spent in this place.
 E = Time spent auto-exploring this place.
 F = Levels seen in this place.
 G = Mean time per level.
                   A        B        C        D        E       F      G
               +--------+--------+--------+--------+--------+-----+--------+
         Total |   6739 |   6473 |    266 |    655 |   4304 |   8 |  842.4 |
       Dungeon |   6739 |   6473 |    266 |    655 |   4304 |   8 |  842.4 |
               +--------+--------+--------+--------+--------+-----+--------+

Top non-repeatable levels by time:
     D:4: 1836 daAuts
     D:6: 1128 daAuts
     D:3: 989 daAuts
     D:2: 924 daAuts
     D:5: 889 daAuts
     D:1: 673 daAuts
     D:7: 258 daAuts
     D:9: 40 daAuts
